 Dungeon Crawl Stone Soup version 0.31-a0-369-g8eba5f6939 (webtiles) character file.

Game seed: 17195034553836545310

20 mopl the Stinger (level 3, 0/24 HPs)
             Began as a Formicid Venom Mage on July 28, 2023.
             Slain by Natasha (9 damage)
             ... on level 2 of the Dungeon.
             The game lasted 00:00:58 (905 turns).

mopl the Stinger (Formicid Venom Mage)               Turns: 905, Time: 00:00:58

Health: 0/24       AC:  2    Str: 12    XL:     3   Next: 0%
Magic:  4/7        EV: 12    Int: 16    God:
Gold:   50         SH:  0    Dex: 14    Spells: 6/7 levels left

rFire   . . .        c - +0 lajatang
rCold   . . .        (no shield)
rNeg    . . .        a - +0 robe
rPois   .            (helmet unavailable)
rElec   .            (no cloak)
rCorr   .            (no gloves)
SInv    +            (no boots)
Will    .....        (no amulet)
Stlth   ++           (no ring)
HPRegen 0.24/turn    (no ring)
MPRegen 0.10/turn

%: no passive effects
@: no status effects
A: permanent stasis, dig shafts and tunnels, antennae 3, four strong arms
a: Dig, Shaft Self


You were on level 2 of the Dungeon.
You visited 1 branch of the dungeon, and saw 2 of its levels.

You collected 50 gold pieces.

Inventory:

Hand Weapons
 c - a +0 lajatang (weapon)
Missiles
 e - 2 poisoned darts
Armour
 a - a +0 robe (worn)
Potions
 b - a potion of magic
 d - 2 potions of heal wounds {unknown}
 f - a potion of brilliance {unknown}
 g - a potion of degeneration {unknown}
 h - 2 potions of lignification {unknown}


   Skills:
 - Level 1.7 Dodging
 - Level 2.4 Stealth
 + Level 2.8 Spellcasting
 - Level 1.1 Transmutations
 + Level 4.7 Poison Magic


You had 6 spell levels left.
You knew the following spells:

 Your Spells              Type           Power      Damage    Failure   Level
a - Sting                 Tmut/Pois      44%        1d5       6%          1

Your spell library contained the following spells:

 Spells                   Type           Power      Damage    Failure   Level
 Poisonous Vapours        Pois/Air       18%        N/A       11%         2
 Magic Dart               Conj           8%         1d3       19%         1
 Olgreb's Toxic Radiance  Pois           17%        N/A       26%         4
 Call Imp                 Summ           4%         N/A       28%         2
 Mephitic Cloud           Conj/Pois/Air  7%         N/A       30%         3
 Dazzling Flash           Conj/Hex       4%         N/A       50%         3
 Agony                    Necr           2%         N/A       99%         5
 Silence                  Hex/Air        1%         N/A       99%         5


Dungeon Overview and Level Annotations

Branches:
Dungeon (2/15)

Altars:

Annotations:
D:1 rf
D:2 Natasha


Innate Abilities, Weirdness & Mutations

You cannot be hasted, slowed, berserked, paralysed or teleported.
You can dig through walls and to a lower floor.
You have a pair of large antennae on your head. (SInv)
Your four strong arms can wield two-handed weapons with a shield.


Message History

(D) Dungeon
Where to? (? - help)
What level of the Dungeon? (default 1, ? - help)
There is a stone staircase leading down here.
You climb downwards.
There is a stone staircase leading up here.
You sense a monster nearby.
Found 6 stones.
You now have 50 gold pieces (gained 2).
d - 2 bubbling white potions (gained 1) Natasha, Servant of Life and Death comes into view.
Natasha is nearby!
The sting hits Natasha but does no damage.
Natasha is poisoned.
Natasha hisses angrily.
Natasha hisses.
Natasha claws you.
The sting hits Natasha.
Natasha looks even sicker.
Natasha is moderately wounded.
Natasha stares at you and mumbles some strange words.
You resist with some effort.
You closely miss Natasha.
Natasha is moderately wounded.
Natasha stares at you and mumbles some strange words.
The magic dart hits you.
You slash Natasha!
Natasha is severely wounded.
Natasha claws you!
You are too injured to fight recklessly!
You are too injured to fight recklessly!
Casting: Sting (safe; 6% risk of failure)
Confirm with . or Enter, or press ? or * to list all spells.
Aiming: Sting (safe; 6% risk of failure)
Press: ? - help, Shift-Dir - straight line, f/p - Natasha
Aim: Natasha (severely wounded, poisoned, 64% to hit)
The sting hits Natasha but does no damage.
Natasha looks even sicker.
Natasha is severely wounded.
Natasha claws you!
You die...

### #. #.# #.###.#
#(#...# ####.#...#
....#.h.# #..#
#@### #..###...#
#.....###...#
#######..###.#.#.##
................ .#
#########..#.#####
# #.........##.#
#.#######....# #.#
#..###


You could see Natasha (very poisoned).

Vanquished Creatures
  A dart slug (D:1)
  3 ball pythons (D:1)
  2 endoplasms (D:1)
  A goblin (D:1)
  2 hobgoblins (D:1)
  A quokka (D:1)
  2 bats (D:1)
  3 frilled lizards (D:1)
  A kobold (D:1)
  2 rats (D:1)
18 creatures vanquished.

Notes
Turn   | Place    | Note
-------+----------+-------------------------------------------
     0 | D:1      | mopl the Formicid Venom Mage began the quest for the Orb.
     0 | D:1      | Reached XP level 1. HP: 13/13 MP: 3/3
   103 | D:1      | Reached XP level 2. HP: 19/19 MP: 2/5
   658 | D:1      | Reached XP level 3. HP: 17/24 MP: 5/7
   899 | D:2      | Noticed Natasha
   905 | D:2      | Slain by Natasha

Illustrated notes

Levels and vault maps discovered:
D:1:      dpeg_arrival_shelter, layout_basic, lemuel_flame_loot_1
D:2:      layout_loops_ring, nicolae_ecumenical_snake_handling, basic_altar,
          kennysheep_minor_cross, st_stairs_5, grunt_decor_clamped,
          minmay_misc_feat_plants, dreamdust_wishing_well,
          kennysheep_generic_room_16, uniq_natasha

Action                     || total
---------------------------++-------
  Melee: Lajatang          ||    31
         Unarmed           ||     5
   Cast: Sting             ||    17
   Stab: Sleeping          ||     2
 Armour: Robe              ||     8
  Dodge: Dodged            ||    20

Table legend: (Time is in decaauts)
 A = Elapsed time spent in this place.
 B = Non-inter-level travel time spent in this place.
 C = Inter-level travel time spent in this place.
 D = Time resting spent in this place.
 E = Time spent auto-exploring this place.
 F = Levels seen in this place.
 G = Mean time per level.
                   A        B        C        D        E       F      G
               +--------+--------+--------+--------+--------+-----+--------+
         Total |    916 |    839 |     77 |     41 |    634 |   2 |  458.0 |
       Dungeon |    916 |    839 |     77 |     41 |    634 |   2 |  458.0 |
               +--------+--------+--------+--------+--------+-----+--------+

Top non-repeatable levels by time:
     D:1: 887 daAuts
     D:2: 29 daAuts
